 Dungeon Sprint DCSS version 0.13-a0-2776-g5b28ffd (webtiles) character file.

174 JacquesDerrida the Cloud Mage (level 4, -3/24 HPs)
             Began as a Tengu Air Elementalist on Aug 25, 2013.
             Killed from afar by Sigmund (6 damage)
             ... with a wand of magic darts
             ... in the Dungeon (Sprint I: "Red Sonja").
             The game lasted 00:01:16 (317 turns).

JacquesDerrida the Cloud Mage (TeAE)                 Turns: 317, Time: 00:01:16

HP  -3/24        AC  2     Str 10      XL: 4   Next: 73%
MP   1/8         EV 12     Int 15      God:
Gold 74          SH  0     Dex 14      Spells:  3 memorised,  0 levels left

Res.Fire  : . . .   See Invis. : .   (no weapon)
Res.Cold  : . . .   Warding    : .   a - +0 robe
Life Prot.: . . .   Conserve   : .   (no shield)
Res.Poison: .       Res.Corr.  : .   (helmet restricted)
Res.Elec. : .       Clarity    : .   (no cloak)
Sust.Abil.: . .     Spirit.Shd : .   (no gloves)
Res.Mut.  : .       Prev.Telep.: +   (boots unavailable)
Res.Rott. : .       Flight     : .   (no amulet)
Saprovore : . . .                    (no ring)
                                     (no ring)

@: repel missiles, slightly resistant to hostile enchantments, fairly stealthy
A: beak, talons 3
a: no special abilities


You were in the Dungeon.
You were not hungry.

You visited 1 branch You collected 54 gold pieces.

Inventory:

Armour
 a - a +0 robe (worn)
Magical devices
 h - a wand of fireball (3) {unknown}
Comestibles
 c - a bread ration
Scrolls
 i - a scroll of blinking
Potions
 d - a potion of curing
 e - a potion of heal wounds
 f - a potion of speed
 g - 2 potions of magic
Books
 b - a book of Air

   Spells                             Type                      Level
   *Shock                             Conjuration/Air              1
   *Swiftness                         Charms/Air                   2
   *Repel Missiles                    Charms/Air                   2
   Flight                             Charms/Air                   3
   Static Discharge                   Conjuration/Air              3
   Lightning Bolt                     Conjuration/Air              5


   Skills:
 - Level 2.1 Dodging
 - Level 2.0 Stealth
 - Level 1.0 Spellcasting
 + Level 8.3 Conjurations
 + Level 9.2 Air Magic


You couldn't memorise any spells.
You knew the following spells:

 Your Spells              Type           Power        Failure   Level  Hunger
a - Shock                 Conj/Air       ####         1%          1    ##.....
b - Swiftness             Chrm/Air       ##........   8%          2    ###....
c - Repel Missiles        Chrm/Air       ##........   8%          2    ###....


Dungeon Overview and Level Annotations

Branches:
Dungeon (1/1)

Altars:

Annotations:
D Sigmund


Innate Abilities, Weirdness & Mutations

You have a beak for a mouth.
You have claws for feet.


Message History

Sigmund is severely wounded.
The zap misses Sigmund.
Casting: Shock
Confirm with . or Enter, or press ? or * to list all spells.
Aiming: Shock
Press: ? - help, Shift-Dir - straight line, f/p - Sigmund
Aim: Sigmund, wielding a scythe, wearing a robe and carrying a wand of magic darts {zapped: 2} (severely wounded)
The zap misses Sigmund.
Sigmund gestures at you while chanting. The magic dart hits you!
* * * LOW HITPOINT WARNING * * *
Casting: Shock
Confirm with . or Enter, or press ? or * to list all spells.
Aiming: Shock
Press: ? - help, Shift-Dir - straight line, f/p - Sigmund
Aim: Sigmund, wielding a scythe, wearing a robe and carrying a wand of magic darts {zapped: 2} (severely wounded)
The zap misses Sigmund.
The zap hits Sigmund.
Sigmund is severely wounded.
Sigmund zaps a wand.
The magic dart hits you!
You die...

#############
#<<#..'..#@.+
#<.%..#..'..#
#.)#####'#
#..# #.@#
#..# ####
#..# #⌠⌠#
####


You could see Sigmund.

Vanquished Creatures
  An ogre (D)
  Ijyb (D)
2 creatures vanquished.

Vanquished Creatures (others)
  A metal gargoyle (D)
1 creature vanquished.

Grand Total: 3 creatures vanquished

Notes
Turn   | Place    | Note
--------------------------------------------------------------
     0 | D        | JacquesDerrida, the Tengu Air Elementalist, began the quest for the Orb.
     0 | D        | Reached XP level 1. HP: 10/10 MP: 3/3
     1 | D        | Noticed Ijyb
    13 | D        | Killed Ijyb
    13 | D        | Reached skill level 6 in Air Magic
    13 | D        | Reached XP level 2. HP: 13/15 MP: 0/5
    31 | D        | Killed a metal gargoyle
   129 | D        | Learned a level 2 spell: Swiftness
   130 | D        | Noticed an ogre
   138 | D        | Killed an ogre
   138 | D        | Reached skill level 8 in Conjurations
   138 | D        | Reached skill level 9 in Air Magic
   138 | D        | Reached XP level 3. HP: 19/19 MP: 0/6
   138 | D        | Reached XP level 4. HP: 24/24 MP: 0/8
   309 | D        | Learned a level 2 spell: Repel Missiles
   311 | D        | Noticed Sigmund
   317 | D        | Killed from afar by Sigmund

Action                   |  1- 3 |  4- 6 || total
-------------------------+-------+-------++-------
Melee: Unarmed           |     8 |       ||     8
 Cast: Shock             |     6 |     5 ||    11
       Swiftness         |     1 |       ||     1
       Repel Missiles    |       |     1 ||     1
  Use: Potion            |     1 |       ||     1
